 Dungeon Crawl Stone Soup version 0.14-a0-2119-ge69afc6 (console) character file.

675 maxplanck the Ruffian (level 7, -8/35 HPs)
             Began as a Vine Stalker Berserker on Jan 26, 2014.
             Was a Believer of Trog.
             Mangled by an orc
             ... wielding a +0,+0 orcish trident
              (10 damage)
             ... on Level 6 of the Dungeon.
             The game lasted 00:16:40 (1747 turns).

maxplanck the Ruffian (Vine Stalker Berserker)      Turns: 1747, Time: 00:16:40

HP  -8/35        AC  2     Str 20      XL: 7   Next: 45%
MP   0/9         EV 12     Int  7      God: Trog [**....]
Gold 57          SH  0     Dex 15      Spells:  0 memorised,  6 levels left

rFire  . . .     SeeInvis .       - Unarmed
rCold  . . .     Clarity  .     b - +0 animal skin
rNeg   . . .     Conserve .     (no shield)
rPois  .         rCorr    .     (no helmet)
rElec  .         rRot     +     (no cloak)
SustAb . .       Spirit   +     (no gloves)
rMut   .         Warding  .     (no boots)
Saprov . . .     Stasis   .     (no amulet)
MR     ++...                    (no ring)
                                (no ring)

@: regenerating, very resistant to hostile enchantments, unstealthy
A: fangs 2, regeneration 2, magic shield, antimagic bite, no device heal
a: Burn Spellbooks, Berserk, Trog's Hand, Renounce Religion


You were on level 6 of the Dungeon.
You worshipped Trog.
Trog was pleased with you.
You were very hungry.

You visited 2 branches of the dungeon, and saw 7 of its levels.
You also visited: Sewer.

You collected 57 gold pieces.

Inventory:

Armour
 b - a +0 animal skin (worn)
 i - a +0 ring mail
 k - a +0 orcish leather armour
Magical devices
 g - a wand of paralysis (17) {unknown}
Comestibles
 c - 3 bread rations
 l - 2 apples
 o - a choko
Scrolls
 a - 2 scrolls of remove curse
 e - a scroll of enchant armour {unknown}
 h - a scroll of fog {unknown}
 j - 2 scrolls of random uselessness {unknown}
 m - a scroll of noise {unknown}
 n - a scroll of identify {unknown}
 r - a scroll of enchant weapon II {unknown}
 s - a scroll of magic mapping {unknown}
Jewellery
 f - an uncursed ring of poison resistance {unknown}
Potions
 d - a potion of lignification {unknown}
 p - 4 potions of heal wounds {unknown}
 q - a potion of beneficial mutation {unknown}
 t - 2 potions of flight
 u - a potion of curing {unknown}


   Skills:
 - Level 2.6 Fighting
   Level 3.3 Long Blades
 - Level 1.5 Armour
 - Level 1.5 Dodging
 + Level 7.4 Unarmed Combat


You had 6 spell levels left.
You didn't know any spells.

Dungeon Overview and Level Annotations

Branches:
Dungeon (6/16)             Temple (1/1) D:4

Altars:
Dithmengos
Elyvilon
Fedhas
Kikubaaqudgha
Makhleb
Trog
Yredelemnul
Zin

Annotations:
D:4 Eustachio


Innate Abilities, Weirdness & Mutations

You have extremely sharp teeth.
You heal very quickly.
When hurt, damage is shared between your health and your magic reserves.
Your bite disrupts and absorbs the magic of your enemies.
Potions and wands cannot restore your HP.


Message History

The slave is heavily wounded.
The slave hits you.
* * * LOW HITPOINT WARNING * * *
The orc closely misses you.
You hit the slave but do no damage. You bite the slave, but do no damage.
The slave is heavily wounded.
The crimson imp closely misses you. The slave hits you!
* * * LOW HITPOINT WARNING * * *
You hit the slave but do no damage. You bite the slave. You drain its power.
You feel invigorated.
The slave is severely wounded.
The crimson imp hits you but does no damage.
The orc closely misses you. The slave hits you!
* * * LOW HITPOINT WARNING * * *
You punch the slave! Your punch misses the slave. Your bite misses the slave.
The slave is almost dead.
The crimson imp hits you.
* * * LOW HITPOINT WARNING * * *
The orc hits you from afar with an orcish trident!
You die...

#######
#@5...#
#@%...#
#..o..# #
#.....# .#
#.....#..##.#
#..<........#
#.....#..####
........##
.<..
#........#
####


You could see a slave, a crimson imp and an orc.

Vanquished Creatures
  A centaur (D:5)
  An ogre (D:4)
  A big kobold (Sewer)
  A goliath beetle (D:4)
  A crimson imp (D:5)
  2 hounds
  A big fish (Sewer)
  5 worker ants
  3 adders
  A giant centipede (D:5)
  2 green rats (D:5)
  2 grey rats (Sewer)
  6 giant geckos
  An orc (D:5)
  3 bats (D:1)
  5 goblins
  5 jackals
  6 kobolds
  A giant newt (D:2)
  A hobgoblin skeleton (D:5)
  An orc zombie (D:5)
  8 rats
58 creatures vanquished.

Notes
Turn   | Place    | Note
--------------------------------------------------------------
     0 | D:1      | maxplanck, the Vine Stalker Berserker, began the quest for the Orb.
     0 | D:1      | Reached XP level 1. HP: 11/11 MP: 1/1
    72 | D:1      | Reached skill level 3 in Long Blades
   109 | D:1      | Reached XP level 2. HP: 16/16 MP: 3/3
   217 | D:3      | Reached skill level 1 in Unarmed Combat
   264 | D:3      | Reached XP level 3. HP: 18/19 MP: 2/4
   266 | D:3      | Acquired Trog's second power
   282 | D:4      | Found a staircase to the Ecumenical Temple.
   294 | Temple   | Entered the Ecumenical Temple
   295 | Temple   | Noticed a giant goldfish
   296 | Temple   | Noticed a giant goldfish
   302 | Temple   | Noticed a giant goldfish
   311 | Temple   | Noticed a giant goldfish
   316 | Temple   | Noticed a giant goldfish
   367 | D:4      | Noticed an ogre
   379 | D:4      | Killed an ogre
   379 | D:4      | Reached skill level 4 in Unarmed Combat
   379 | D:4      | Reached XP level 4. HP: 23/23 MP: 5/5
   379 | D:4      | Reached XP level 5. HP: 27/27 MP: 7/7
   390 | D:4      | Noticed Eustachio
   637 | D:4      | Reached skill level 5 in Unarmed Combat
   637 | D:4      | Gained mutation: You heal very quickly. [vine stalker growth]
   637 | D:4      | Reached XP level 6. HP: 14/32 MP: 5/8
   660 | D:5      | Entered Level 5 of the Dungeon
  1203 | D:5      | HP: 1/32 [centaur/arrow (14)]
  1220 | D:5      | Reached skill level 6 in Unarmed Combat
  1456 | D:5      | Reached XP level 7. HP: 35/35 MP: 9/9
  1524 | D:5      | Found a glowing drain.
  1529 | Sewer    | Entered a sewer
  1599 | Sewer    | Reached skill level 7 in Unarmed Combat
  1623 | Sewer    | Found a white marble altar of Elyvilon.
  1746 | D:6      | HP: 1/35 [slave[Pikel] (4)]
  1747 | D:6      | Mangled by an orc

Action                   |  1- 3 |  4- 6 |  7- 9 || total
-------------------------+-------+-------+-------++-------
Melee: Falchion          |    47 |       |       ||    47
       Unarmed           |     3 |    77 |    68 ||   148
       Dagger            |     2 |       |       ||     2
Invok: Berserk           |     3 |     2 |       ||     5
       Trog's Hand       |     1 |     1 |     1 ||     3
  Use: Scroll            |     2 |     1 |       ||     3
 Stab: Sleeping          |       |       |     1 ||     1
